Arrhythmia, chaotic female vampiric Convict ###%####### -----------------------.----.---# ------ |.......................)..[)).|# |....| | --------..........--------.|##########-....| ------- |..| |@| # |<...| |..| +.| ------ --|- ----.| | .--- -.@.)| |..G....@....@| -@{...........- ..@...............| -.......... -+--|---...+ -------- -- | |...| |...| |...| -...| ...+ ----- Arrhythmia the Jail-bird Experience level: 7 Strength: 18 Dexterity: 12 Constitution: 16 Intelligence: 12 Wisdom: 10 Charisma: 9 Health: 0(54) Energy: 40(40) AC: -2 Gold: 661 Moves: 3057 Your Inventory: Coins $ - 661 gold pieces Amulets o - a [cursed] oval amulet [of change] Armor b - a cursed +0 striped shirt d - an [uncursed] +3 iron skull cap [orcish helm] (being worn) g - an uncursed +0 pair of leather gloves (being worn) k - an [uncursed] +0 cloak of displacement (being worn) y - an [uncursed] +4 pair of hard shoes [iron] (being worn) Scrolls f - an [uncursed] scroll of identify Potions h - an uncursed potion of healing j - an [uncursed] fizzy potion [of extra healing] n - an [uncursed] potion of paralysis p - a [cursed] brown potion [of gain ability] r - an [uncursed] orange potion [of full healing] C - a [cursed] orange potion [of full healing] Rings e - an uncursed ring of levitation Tools A - an [uncursed] bell D - an [uncursed] stethoscope Iron balls c - an [uncursed] heavy iron ball Spells known in the end: Name Level Category Fail Memory Your skills at the end: Fighting Skills Weapon Skills sling [Basic / Skilled] Spellcasting Skills Final Attributes: You were fervently aligned. Hunger level was 959. Your alignment was 10 / 25. Monster difficulty range was 1 - 7. Level difficulty was 7. You were immune to poison. You were immune to level-drain. You were immune to sickness. You were displaced. You could fly. You could survive without air. You regenerated. Your luck was zero. You are dead. Vanquished creatures: 2 watchmen a leprechaun a gnome king a water nymph 4 gnome lords a gnomish wizard a kobold mummy 2 floating eyes 6 dwarves a rothe a giant bat a monkey 2 dwarf zombies 2 wererats a gas spore a hobbit 2 large kobolds a hobgoblin a giant rat a cave spider a brown mold a green mold 15 gnomes 5 geckos 3 jackals 3 goblins a grid bug 4 bats 2 lichens a kobold zombie 2 newts 71 creatures vanquished. Voluntary challenges: You went without food. You never hit with a wielded weapon. You read items or engraved 1 time. You put on armor 11 times. You never genocided any monsters. You never polymorphed an object. You never changed form. You used no wishes. You abstained from Elbereth's help. You never encountered a bones level. You never used any Sokoban shortcuts. Dungeon overview: The Dungeons of Doom: levels 1 to 4 Level 1 a long staircase Level 2 a bookstore Level 3 some fountains Level 4 stairs to The Gnomish Mines The Gnomish Mines: levels 5 to 7 Level 5 stairs to The Dungeons of Doom Level 7 <- You were here a fountain History has recorded: On T:1 you entered the Dungeons of Doom to retrieve the Amulet of Yendor! On T:401 you reached level 2 of The Dungeons of Doom. On T:812 you reached level 3 of The Dungeons of Doom. On T:841 you advanced to experience level 2. On T:870 you advanced to experience level 3. On T:1131 you advanced to experience level 4. On T:1179 you reached level 4 of The Dungeons of Doom. On T:1468 you advanced to experience level 5. On T:1639 you reached level 1 of The Gnomish Mines. On T:1663 you advanced to experience level 6. On T:2313 you reached level 2 of The Gnomish Mines. On T:2318 you advanced to experience level 7. On T:2992 you reached level 3 of The Gnomish Mines. Latest messages: The magic missile hits you! The magic missile bounces! [HP-10=9] The watchman zaps a wand of magic missile! The magic missile whizzes by you! The magic missile bounces! The magic missile hits you! You hear the howling of the CwnAnnwn... [HP-6=3] [HP+1=4] You hear a crunching sound. [HP+1=5] [HP+1=6] [HP+1=7] [HP+1=8] The watchman throws a spear! The watchman zaps a platinum wand! The bolt of fire whizzes by you! The bolt of fire bounces! The bolt of fire hits you! Your scroll labeled PRIRUTSENIE catches fire and burns! Your scroll labeled FOOBIE BLETCH catches fire and burns! You die... Final status: Goodbye Arrhythmia the Convict... You died in The Gnomish Mines on dungeon level 7 with 3641 points, and 661 pieces of gold, after 3057 moves. You were level 7 with a maximum of 54 hit points when you died.